 Dungeon Crawl Stone Soup version 0.31.0-12-g77e489cdc1 (webtiles) character file.

Game seed: 7832673611974380979

6722 ipagaxi the Fighter (level 10, -10/94 HPs)
             Began as a Minotaur Fighter on Feb 19, 2024.
             Was a Believer of the Shining One.
             Succumbed to orange demon's concentrated venom
             ... on level 8 of the Dungeon.
             The game lasted 01:09:21 (11014 turns).

ipagaxi the Fighter (Minotaur Fighter)             Turns: 11014, Time: 01:09:21

Health: -10/94     AC: 16    Str: 31    XL:     10   Next: 74%
Magic:  9/9        EV: 11    Int:  5    God:    the Shining One [**....]
Gold:   185        SH:  0    Dex: 13    Spells: 7/9 levels left

rFire   . . .        K - +1 falchion (protect)
rCold   . . .        (no shield)
rNeg    + . .        U - +1 steam dragon scales
rPois   .            (helmet restricted)
rElec   .            F - scarf {repulsion}
rCorr   .            j - +0 pair of fencer's gloves {Riposte Dex+3}
SInv    .            (no boots)
Will    +....        (no amulet)
Stlth   +            A - ring of willpower
HPRegen 0.35/turn    I - +6 ring of strength
MPRegen 0.11/turn

%: repel missiles
@: lethally poisoned (-10 -> -62), under a protective aura, slowed, glowing,
very slow
A: horns 2, retaliatory headbutt
a: Renounce Religion, Divine Shield


You were on level 8 of the Dungeon.
You worshipped the Shining One.
The Shining One was pleased with you.
You visited 2 branches of the dungeon, and saw 9 of its levels.

You collected 329 gold pieces.
You spent 144 gold pieces at shops.

Inventory:

Hand Weapons
 a - a +0 war axe
 i - a +2 hand axe
 l - a +0 spear
 K - a +1 falchion of protection (weapon)
 L - a +2 halberd of flaming
 S - a +2 antimagic trident
Missiles
 g - 19 poisoned darts (quivered)
 r - 5 datura-tipped darts
 T - 2 throwing nets
Armour
 b - a +1 scale mail
 c - a +0 buckler
 j - the +0 pair of fencer's gloves (worn) {Riposte Dex+3}
   (You acquired it on level 1 of the Dungeon)

   Riposte:   It allows the wearer to riposte with melee weapons, swiftly
   retaliating against missed or blocked melee attacks.
   Dex+3:     It affects your dexterity (+3).
 k - a +0 helmet
 o - a +0 robe
 s - a +2 robe of cold resistance
 t - a +0 cloak
 C - a +3 leather armour
 D - a +1 pair of gloves
 F - a scarf of repulsion (worn)
 O - a +0 plate armour
 Q - an orb of wrath
 U - +1 steam dragon scales (worn)
Jewellery
 A - a ring of willpower (left hand)
 I - a +6 ring of strength (right hand)
 M - a ring of resist corrosion
Talismans
 e - a flux talisman
 x - a blade talisman
 H - a maw talisman
 N - a storm talisman
Wands
 u - a wand of polymorph (19)
 R - a wand of flame (20)
Scrolls
 m - 3 scrolls of immolation
 v - 2 scrolls of silence
 w - 2 scrolls of vulnerability
 y - 5 scrolls of teleportation
 J - 2 scrolls of fear
 V - a scroll of poison
Potions
 f - a potion of degeneration
 h - a potion of attraction
 n - a potion of brilliance
 p - 4 potions of curing
 q - a potion of cancellation {unknown}
 z - a potion of resistance {unknown}
 B - 3 potions of haste
 E - a potion of experience {unknown}
 G - a potion of heal wounds {unknown}
 P - 2 potions of magic


   Skills:
 + Level 10.6 Fighting
 + Level 9.3 Long Blades
 - Level 3.9 Axes
 + Level 10.4 Armour
 + Level 10.5 Shields


You had 7 spell levels left.
You knew the following spells:

 Your Spells              Type           Power      Damage    Failure   Level
a - Blink                 Tloc           0%         N/A       63%         2

Your spell library contained the following spells:

 Spells                   Type           Power      Damage    Failure   Level
 Foxfire                  Conj/Fire      0%         2x1d4     47%         1
 Kiss of Death            Conj/Necr      0%         2d5       47%         1
 Lesser Beckoning         Tloc           0%         N/A       63%         2
 Momentum Strike          Conj/Tloc      0%         3d8       63%         2
 Scorch                   Fire           0%         2d5       63%         2
 Confusing Touch          Hex            0%         N/A       85%         3
 Dispel Undead            Necr           0%         3d6       99%         4
 Flame Wave               Conj/Fire      0%         2d4       99%         4
 Plasma Beam              Fire/Air       0%         2x1d10    100%        6
 Starburst                Conj/Fire      0%         6d3       100%        6
 Summon Cactus Giant      Summ           0%         N/A       100%        6


Dungeon Overview and Level Annotations

Branches:
Dungeon (8/15)             Temple (1/1) D:4            Lair (0/5) D:8

Altars:
Ashenzari
Cheibriados
Dithmenos
Elyvilon
Fedhas
Gozag
Hepliaklqana
Kikubaaqudgha
Makhleb
Nemelex Xobeh
Okawaru
Qazlal
Ru
Sif Muna
Trog
Uskayaw
Vehumet
Wu Jian
Xom
Yredelemnul
Zin
The Shining One

Shops:
D:1 :   D:5 *

Annotations:
D:3 1 exclusion
D:5 1 exclusion
D:8 Amaemon


Innate Abilities, Weirdness & Mutations

You have a pair of horns on your head.
You reflexively headbutt those who attack you in melee.


Message History

You feel very sick.
Amaemon gestures wildly while chanting.
You hit Amaemon but do no damage. Your headbutt misses Amaemon.
Amaemon is moderately wounded.
You feel sick. The orange demon stings you from afar.
You hit Amaemon but do no damage. Your headbutt misses Amaemon.
Amaemon is moderately wounded.
You feel sick.
Amaemon casts a spell at the scorpion.
The scorpion's venom grows more potent.
The orange demon closely misses you.
You completely miss Amaemon. You headbutt Amaemon, but do no damage.
Amaemon is moderately wounded.
You feel sick.
Amaemon gestures at the orange demon while chanting.
The orange demon's venom grows more potent.
The orange demon stings you but does no damage.
You barely miss Amaemon.
Amaemon is moderately wounded.
You feel sick.
Amaemon's tail lashes.
Amaemon hits you but does no damage. Amaemon barely misses you.
Amaemon tail-slaps you but does no damage.
The orange demon stings you from afar.
You are more poisoned.
You have difficulty breathing.
You feel yourself slow down.
You hit Amaemon but do no damage.
Amaemon is moderately wounded.
You feel extremely sick.
Amaemon hits you with a -1 demon whip of venom.
You are more poisoned.
Amaemon claws you but does no damage. Amaemon closely misses you.
The orange demon stings you from afar.
You are lethally poisoned!
You have difficulty breathing.
You feel as though you will be slow longer.
* * * LOW HITPOINT WARNING * * *
You feel extremely sick.
Amaemon zaps a wand.
The bolt of acid hits you!
* * * LOW HITPOINT WARNING * * *
You die...

....#..........#
....#..........#
#.)..........#
####.#######.#
#..## #.# ##..###
#.# ##...###.#
###...#.####
#.......@.#
#.##...##.#
#.###..##6#######
#.###..##.#.....#
#....>.##4s...#
#########ss.#......
#.### ..##. #.. 6#
#.. #


You could see Amaemon, an orange demon (curare) and 3 scorpions.

Vanquished Creatures
  A death yak (D:8)
  A troll (D:6)
  A hornet (D:8)
  9 yaks (D:8)
  A wyvern (D:8)
  A basilisk (D:8)
  A steam dragon (D:7)
  3 orc warriors (D:6)
  Duvessa (D:7)
  2 sky beasts (D:7)
  4 ogres (D:6)
  3 kobold brigands
  5 bullfrogs
  4 gnoll sergeants
  6 scorpions
  Dowan (D:7)
  2 killer bees (D:8)
  5 howler monkeys (D:6)
  3 bombardier beetles
  A jelly (D:7)
  13 hounds
  10 orc priests
  5 gnoll boudas
  Jessica (D:3)
  9 orc wizards
  3 iguanas
  5 adders
  24 gnolls
  A shadow imp (D:7)
  2 white imps (D:5)
  A dart slug (D:3)
  A ribbon worm (D:4)
  33 orcs
  5 ball pythons
  7 endoplasms
  3 goblins
  5 hobgoblins
  2 jackals (D:2)
  4 quokkas
  6 bats
  4 frilled lizards
  19 kobolds
  6 rats
224 creatures vanquished.

Notes
Turn   | Place    | Note
-------+----------+-------------------------------------------
     0 | D:1      | ipagaxi the Minotaur Fighter began the quest for the Orb.
     0 | D:1      | Reached XP level 1. HP: 19/19 MP: 0/0
   139 | D:1      | Found Veetuf's Book Boutique.
   331 | D:1      | Reached XP level 2. HP: 27/27 MP: 1/1
   611 | D:1      | Identified a scroll of acquirement
   611 | D:1      | Acquired the +0 pair of fencer's gloves {Riposte Dex+3}
   611 | D:1      | Found the +0 pair of fencer's gloves {Riposte Dex+3}
  1481 | D:2      | Reached XP level 3. HP: 33/33 MP: 2/2
  1802 | D:3      | Noticed Jessica
  1807 | D:3      | Killed Jessica
  1990 | D:3      | Reached XP level 4. HP: 40/40 MP: 3/3
  2198 | D:3      | Found a glowing golden altar of the Shining One.
  2338 | D:3      | Became a worshipper of the Shining One
  3297 | D:4      | Reached XP level 5. HP: 4/47 MP: 4/4
  3464 | D:4      | Reached skill level 1 in Long Blades
  3533 | D:4      | Identified the +6 mace of the Growing Gods {drain, rC+
                  | Will++ Int-2 Dex-2 Stlth+}
  3637 | D:4      | Reached skill level 5 in Fighting
  3637 | D:4      | Reached skill level 5 in Armour
  3637 | D:4      | Reached skill level 5 in Shields
  3821 | D:4      | Found a staircase to the Ecumenical Temple.
  3829 | D:4      | Reached XP level 6. HP: 48/56 MP: 5/5
  3861 | Temple   | Found a transporter.
  3861 | Temple   | Found a transporter.
  3861 | Temple   | Found a transporter.
  3861 | Temple   | Found a transporter.
  3861 | Temple   | Entered the Ecumenical Temple
  5165 | D:4      | Found a stormy altar of Qazlal.
  5594 | D:4      | Reached XP level 7. HP: 48/62 MP: 6/6
  5805 | D:5      | Entered Level 5 of the Dungeon
  5860 | D:5      | Reached * piety under the Shining One
  6655 | D:5      | Found Rausoa's Neck Hole.
  6778 | D:5      | Bought a scarf of repulsion for 144 gold pieces
  7276 | D:6      | Found a hazy altar of Hepliaklqana.
  7363 | D:6      | Reached XP level 8. HP: 69/71 MP: 7/7
  7646 | D:6      | Found a bloodstained altar of Trog.
  7731 | D:6      | Reached skill level 5 in Long Blades
  8000 | D:6      | Noticed a troll
  8003 | D:6      | Reached ** piety under the Shining One
  8009 | D:6      | Killed a troll
  8010 | D:6      | Reached XP level 9. HP: 48/81 MP: 6/8
  9593 | D:7      | Found an ornate altar of the Wu Jian Council.
  9650 | D:7      | Noticed Duvessa
  9652 | D:7      | Noticed Dowan
  9667 | D:7      | Killed Duvessa
  9671 | D:7      | Killed Dowan
 10202 | D:8      | Reached XP level 10. HP: 76/91 MP: 9/9
 10373 | D:8      | Learned a level 2 spell: Blink
 10631 | D:8      | Noticed a death yak
 10647 | D:8      | Killed a death yak
 10659 | D:8      | Reached skill level 10 in Fighting
 10659 | D:8      | Reached skill level 10 in Shields
 10669 | D:8      | Reached skill level 10 in Armour
 10944 | D:8      | Found a staircase to the Lair.
 10996 | D:8      | Noticed an orange demon
 10998 | D:8      | Noticed Amaemon
 11014 | D:8      | Succumbed to orange demon's concentrated venom

Illustrated notes

Levels and vault maps discovered:
D:1:      eino_arrival_water_star, layout_basic, serial_shops, shop,
          nicolae_titane
D:2:      layout_rooms
D:3:      layout_loops_ring, mainiacjoe_overflow_brackets, uniq_jessica
D:4:      minmay_wonky_spiral, layout_loops_ring,
          nicolae_qazlal_general_emergency, minmay_temple_entry_proselytizer
D:5:      nicolae_BIG_FREAKIN_CUBE, layout_rooms,
          nicolae_shop_sticking_my_neck_out
D:6:      lemuel_castle_with_subvaults [lemuel_castle_interior_carwin_3],
          layout_cave_pools, mainiacjoe_overflow_six_doors_small,
          nicolae_hepliaklqana_hippocampus, grunt_decor_junction
D:7:      layout_rooms, nzn_wu_jian_contemplation, minmay_tree_intersection,
          mumra_transporter_accident, chequers_hall_statues_y, uniq_duvessa
D:8:      layout_basic, david_lair_generic, bh_walls_and_bars, uniq_erica,
          uniq_prince_ribbit1, uniq_amaemon
Temple:   hellmonk_temple_divided_pantheon

Skill      XL: |  1  2  3  4  5  6  7  8  9 10 |
---------------+-------------------------------+-----
Fighting       | 4 5 6 8 9 10 | 10.6
Axes           | 3 |  3.9
Shields        | 4 5 6 8 9 10 | 10.5
Armour         | 4 5 6 7 9 10 | 10.4
Long Blades    | 2 3 4 6 8 9 |  9.3

Action                     |  1- 3 |  4- 6 |  7- 9 | 10-12 || total
---------------------------+-------+-------+-------+-------++-------
  Melee: War axe           |    14 |       |       |       ||    14
         Headbutt          |    11 |    19 |   103 |    39 ||   172
         Hand axe          |    56 |   100 |    44 |       ||   200
         Falchion          |       |       |   271 |   116 ||   387
         Punch             |       |       |     2 |     4 ||     6
    Use: Scroll            |     7 |     5 |    10 |       ||    22
         Potion            |       |       |     3 |     2 ||     5
 Armour: Scale mail        |    52 |    54 |     4 |       ||   110
         Leather armour    |       |       |   215 |       ||   215
         Steam dragon scal |       |       |    53 |    84 ||   137
  Dodge: Dodged            |    25 |    30 |   200 |    56 ||   311
         Repelled          |       |       |     1 |       ||     1
  Block: Buckler           |    10 |    14 |    90 |       ||   114
Riposte: Hand axe          |     8 |    16 |     6 |       ||    30
         Falchion          |       |       |    56 |    12 ||    68
